 Dungeon Crawl Stone Soup version 0.29-a0-384-g6960b1960d (webtiles) character file.

Game seed: 8243360177723607315

10 zeratav the Skirmisher (level 2, 28/28 HPs)
             Began as a Hill Orc Fighter on May 6, 2022.
             Quit the game on level 1 of the Dungeon.
             The game lasted 00:00:21 (305 turns).

zeratav the Skirmisher (Hill Orc Fighter)            Turns: 305, Time: 00:00:22

Health: 28/28      AC:  6    Str: 18    XL:     2   Next: 20%
Magic:  2/2        EV:  9    Int:  8    God:
Gold:   6          SH:  4    Dex: 10    Spells: 1/1 levels left

rFire   . . .      SeeInvis .   a - +0 war axe {axe}
rCold   . . .      Faith    .   c - +0 buckler
rNeg    . . .      Spirit   .   b - +0 scale mail
rPois   .          Reflect  .   (no helmet)
rElec   .          Harm     .   (no cloak)
rCorr   .          Rampage  .   (no gloves)
Will    .....                   (no boots)
Stlth   ..........              (no amulet)
HPRegen 0.09/turn               (no ring)
MPRegen 0.08/turn               (no ring)

@: no status effects
A: no striking features
a: no special abilities


You were on level 1 of the Dungeon.
You visited 1 branch of the dungeon, and saw 1 of its levels.

You collected 6 gold pieces.


   Skills:
 + Level 4.4 Fighting
 - Level 2.6 Axes
 - Level 3.2 Armour
 - Level 3.2 Shields


You had one spell level left.
You didn't know any spells.
Your spell library was empty.

Inventory:

Hand Weapons
 a - a +0 war axe (weapon) {axe}
 g - a +3 mace of pain {mace}
   (You found it on level 1 of the Dungeon)
Armour
 b - a +0 scale mail (worn)
 c - a +0 buckler (worn)
Scrolls
 f - 2 scrolls of identify {unknown}
Potions
 d - a potion of might
 e - a potion of resistance {unknown}

Dungeon Overview and Level Annotations

Branches:
Dungeon (1/15)

Altars:

#.#.#....)≈≈≈
#.#.#.....≈..
...
#.#.#.....≈..
..
#...#........
..
#.###...#.##.
.# #.#
...##.#.# #.#
#... #.#
#..####
###.#####.#
#.@...#
#.........#
##.##.#
#.#.####### #.#
#.#..# #.#
#....# #.#
###.## ##.#
#.##########..#
#............##
##############


There were no monsters in sight!


Message History

The ball python barely misses you. You block the ball python's attack.
You barely miss the ball python.
The ball python bites you but does no damage.
The ball python barely misses you.
You hit the ball python. You block the ball python's attack.
The ball python closely misses you.
The ball python bites you but does no damage.
You block the ball python's attack.
You barely miss the ball python. You block the ball python's attack.
The ball python grabs you. The ball python constricts you.
The ball python bites you. The ball python constricts you.
HP[-1]
You take 1 damage, and now have 18/20 hp.
You hit the ball python. You block the ball python's attack.
The ball python constricts you.
HP[-1]
You take 1 damage, and now have 17/20 hp.
You slash the ball python!
You kill the ball python!
You have reached level 2!
HP[+7] MP[+1]
You now have 27 max hp (+7).
You regained 7 hp, and now have 24/27 hp.
Your mp is fully restored (2).
You closely miss the hobgoblin. The hobgoblin hits you.
You block the hobgoblin's attack.
HP[-1]
You take 1 damage, and now have 23/27 hp.
You slash the hobgoblin!
You kill the hobgoblin!
HP[+1]
You now have 28 max hp (+1).
No target in view!
No target in view!
No target in view!
No target in view!
No target in view!
No target in view!
No target in view!
No target in view!
No target in view!
No target in view!
No target in view!
No target in view!
No target in view!
No target in view!
No target in view!
No target in view!
Items here: ††††.
HP[+4]
Your hp is fully restored (28).
Found a stone staircase leading down.
An endoplasm comes into view.
The endoplasm quivers.
An endoplasm is nearby!
The endoplasm hits you.
HP[-2]
You take 2 damage, and now have 26/28 hp.
You hit the endoplasm but do no damage. The endoplasm closely misses you.
You hit the endoplasm. The endoplasm freezes you.
You are frozen.
The endoplasm freezes you.
You are frozen.
HP[-7]
You take 7 damage, and now have 19/28 hp.
MASSIVE DAMAGE!! (PAUSE)
You are too injured to fight recklessly!
You are too injured to fight recklessly!
You are too injured to fight recklessly!
You are too injured to fight recklessly!
You are too injured to fight recklessly!
You are too injured to fight recklessly!
You are too injured to fight recklessly!
You are too injured to fight recklessly!
You are too injured to fight recklessly!
You are too injured to fight recklessly!
You are too injured to fight recklessly!
You are too injured to fight recklessly!
You are too injured to fight recklessly!
You are too injured to fight recklessly!
You are too injured to fight recklessly!
You are too injured to fight recklessly!
You are too injured to fight recklessly!
You are too injured to fight recklessly!
You are too injured to fight recklessly!
You are too injured to fight recklessly!
You are too injured to fight recklessly!
You are too injured to fight recklessly!
You are too injured to fight recklessly!
You barely miss the endoplasm. The endoplasm hits you.
HP[-1]
You take 1 damage, and now have 18/28 hp.
You hit the endoplasm.
You kill the endoplasm!
HP[+1]
You start resting.
HP[+9]
Your hp is fully restored (28).
Are you sure you want to abandon this character and quit the game? (Confirm with "yes".)

Skill      XL: |  1 |
---------------+----+-----
Fighting       | 4 |  4.4
Axes           | |  2.6
Armour         | |  3.2
Shields        | |  3.2

Action                   || total
-------------------------++-------
Melee: War axe           ||    23
Armor: Scale mail        ||    10
Dodge: Dodged            ||     8
Block: Buckler           ||     9

Levels and vault maps discovered:
D:1:      lightli_arrival_maybe_door_vault, layout_basic, minmay_hedge_maze,
          lemuel_old_faithful

Notes
Turn   | Place    | Note
-------+----------+-------------------------------------------
     0 | D:1      | zeratav the Hill Orc Fighter began the quest for the Orb.
     0 | D:1      | Reached XP level 1. HP: 19/19 MP: 1/1
     0 | D:1      | magus.rc [v1.9.6]
    99 | D:1      | Reached skill level 4 in Fighting
   106 | D:1      | Reached XP level 2. HP: 24/27 MP: 2/2
   305 | D:1      | Quit the game

Vanquished Creatures
  A ball python (D:1)
  An endoplasm (D:1)
  A goblin (D:1)
  A hobgoblin (D:1)
  3 jackals (D:1)
  A rat (D:1)
8 creatures vanquished.

Table legend:
 A = Non-vault XP
 B = Vault XP
 C = Vault XP percentage of total XP
 D = Non-vault monster count
 E = Vault monster count
 F = Vault count percentage of total count
                 A         B        C        D         E       F
            +---------+---------+-------+---------+---------+-------
      Total |      15 |       0 |   0.0 |       8 |       0 |   0.0
            +---------+---------+-------+---------+---------+-------
        D:1 |      15 |       0 |   0.0 |       8 |       0 |   0.0
            +---------+---------+-------+---------+---------+-------

Illustrated notes

Table legend:
 A = Kills in this place as a percentage of kills in entire the game.
 B = Kills by you in this place as a percentage of kills by you in the entire game.
 C = Kills by friends in this place as a percentage of kills by friends in the entire game.
 D = Other kills in this place as a percentage of other kills in the entire game.
 E = Experience gained in this place as a percentage of experience gained in the entire game.
 F = Experience gained in this place divided by the number of levels of this place that you have seen.
                   A       B       C       D       E      F
               +-------+-------+-------+-------+-------+----------------------
         Total | 100.0 | 100.0 |   N/A |   N/A | 100.0 |  15.0
       Dungeon | 100.0 | 100.0 |   N/A |   N/A | 100.0 |  15.0
               +-------+-------+-------+-------+-------+----------------------

Table legend: (Time is in decaauts)
 A = Elapsed time spent in this place.
 B = Non-inter-level travel time spent in this place.
 C = Inter-level travel time spent in this place.
 D = Time resting spent in this place.
 E = Time spent auto-exploring this place.
 F = Levels seen in this place.
 G = Mean time per level.
                   A        B        C        D        E       F      G
               +--------+--------+--------+--------+--------+-----+--------+
         Total |    314 |    314 |      0 |     97 |    165 |   1 |  314.0 |
       Dungeon |    314 |    314 |      0 |     97 |    165 |   1 |  314.0 |
               +--------+--------+--------+--------+--------+-----+--------+

Top non-repeatable levels by time:
     D:1: 314 daAuts
